Map: Ice and Chrome LE

Players

Nice - Winner!

  • Race: Protoss Protoss
  • Spawn Location: 7:00

黑羽快斗 (ButAlways)

  • Race: Protoss Protoss
  • League: Master
  • Spawn Location: 1:00

Event: DreamHack SC2 Masters 2020 Fall

VOD

Have the link to the VOD?

Description

Time

  • Played on: Aug. 30, 2020, 7:58 a.m.
  • Length: 8:58

All games in this series

Show
View Real Time Build Order
Export as new Build Order

Nice Protoss - Winner!

Build Orders: 1 Gate Expand, Oracle Opening 

Get SALT Encoding   

  12  0:00  Probe  
  13  0:12  Probe  
  14  0:20  Pylon  
  14  0:24  Probe  
  15  0:38  Gateway, Probe (Chrono Boost)  
  16  0:49  Assimilator  
  17  0:50  Probe (Chrono Boost)  
  17  0:54  Probe (Chrono Boost)  
  18  1:05  Probe  
  19  1:17  Probe  
  20  1:25  Nexus  
  20  1:33  Cybernetics Core  
  20  1:38  Assimilator  
  20  1:42  Probe  
  21  1:49  Pylon  
  21  1:54  Probe  
  22  2:06  Probe  
  22  2:07  Adept (Chrono Boost)  
  23  2:10  Warp Gate  
  25  2:19  Probe  
  26  2:28  Stalker (Chrono Boost)  
  26  2:31  Probe  
  29  2:40  Shield Battery  
  29  2:41  Stargate  
  29  2:42  Probe  
  30  2:44  Probe  
  30  2:50  Stalker  
  33  2:55  Probe  
  33  2:58  Probe  
  35  3:03  Shield Battery  
  35  3:07  Probe (Chrono Boost)  
  35  3:10  Probe (Chrono Boost)  
  37  3:18  Probe (Chrono Boost)  
  39  3:21  Probe (Chrono Boost)  
  39  3:24  Probe (Chrono Boost)  
  39  3:25  Probe (Chrono Boost)  
  39  3:26  Oracle (Chrono Boost)  
  43  3:33  Probe  
  45  3:40  Pylon  
  43  3:43  Gateway  
  43  3:46  Gateway  
  43  3:49  Probe x2  
  43  3:53  Void Ray (Chrono Boost)  
  45  4:02  Sentry, Pylon  
  51  4:08  Shield Battery  
  51  4:10  Pylon, Probe  
  51  4:12  Probe  
  53  4:28  Void Ray (Chrono Boost)  
  53  4:37  Shield Battery  
  53  4:38  Shield Battery x2  
  57  4:40  Zealot x2, Stalker  
  63  4:50  Pylon  
  63  5:03  Void Ray (Chrono Boost)  
  55  5:08  Zealot  
  55  5:11  Zealot x2  
  55  5:12  Pylon  
  65  5:20  Cybernetics Core  
  59  5:28  Shield Battery  
  59  5:30  Shield Battery  
  59  5:31  Shield Battery  
  59  5:32  Sentry  
  59  5:33  Zealot x2, Pylon  
  65  5:41  Gateway  
  63  5:52  Void Ray (Chrono Boost)  
  61  6:02  Zealot x2  
  69  6:05  Gateway  
  69  6:06  Pylon  
  61  6:19  Void Ray (Chrono Boost)  
  61  6:25  Zealot x2  
  59  6:29  Pylon  
  59  6:31  Probe x2  
  65  6:34  Assimilator x2  
  65  6:36  Pylon  
  63  6:40  Zealot  
  63  6:47  Adept x2  
  67  6:55  Gateway  
  67  6:58  Void Ray (Chrono Boost)  
  67  6:59  Gateway x2  
  71  7:15  Stalker  
  71  7:16  Zealot x3  
  79  7:28  Pylon  
  79  7:30  Robotics Facility  
  77  7:41  Twilight Council  
  75  7:45  Probe x2  
  75  7:49  Forge  
  75  7:51  Oracle (Chrono Boost)  
  80  8:01  Zealot x2, Stalker  
  80  8:02  Zealot  
  80  8:03  Adept x2  
  92  8:09  Pylon  
  92  8:10  Sentry  
  94  8:17  Observer (Chrono Boost)  
  95  8:28  Photon Cannon  
  93  8:41  Stalker x2  
  93  8:42  Stalker  
  93  8:43  Zealot x2  
Show
View Real Time Build Order
Export as new Build Order

黑羽快斗 Protoss 

Build Orders:  

Get SALT Encoding   

  12  0:00  Probe  
  13  0:12  Probe  
  14  0:17  Pylon  
  14  0:24  Probe (Chrono Boost)  
  15  0:36  Probe (Chrono Boost)  
  15  0:37  Gateway  
  16  0:45  Probe (Chrono Boost)  
  16  0:47  Assimilator  
  17  0:51  Probe  
  17  0:55  Assimilator  
  18  1:03  Probe (Chrono Boost)  
  19  1:08  Gateway  
  20  1:12  Probe (Chrono Boost)  
  20  1:17  Probe (Chrono Boost)  
  21  1:25  Cybernetics Core  
  21  1:29  Probe  
  22  1:39  Pylon  
  22  1:41  Probe  
  23  1:59  Probe  
  24  2:02  Sentry, Warp Gate, Stalker  
  28  2:15  Pylon  
  28  2:33  Robotics Facility  
  28  2:36  Sentry  
  30  2:46  Stalker  
  32  2:56  Nexus  
  32  3:20  Immortal (Chrono Boost), Pylon  
  36  3:33  Gateway  
  36  3:36  Probe  
  36  3:48  Warp Prism (Chrono Boost)  
  36  3:53  Sentry x2  
  42  3:58  Probe  
  44  4:15  Robotics Bay  
  45  4:21  Stalker x2  
  44  4:32  Shield Battery  
  44  4:45  Stalker x2  
  46  5:09  Stalker x3  
  50  5:32  Stalker x2  
  54  5:36  Stalker  
  54  5:54  Stalker  
  56  6:04  Stalker x2  
  46  6:24  Warp Prism (Chrono Boost)  
  48  6:40  Probe  
  47  6:49  Stalker x2  
  47  6:51  Probe  
  52  7:01  Probe (Chrono Boost)  
  53  7:03  Probe (Chrono Boost)  
  54  7:12  Twilight Council  
  54  7:15  Probe x2 (Chrono Boost)  
  55  7:23  Probe  
  55  7:27  Pylon  
  55  7:41  Sentry  
  55  7:42  Stalker x2  
  61  7:48  Shield Battery  
  61  7:57  Pylon  
  61  8:06  Pylon  
  61  8:15  Sentry, Stalker x2  
  67  8:21  Pylon  
  64  8:35  Stalker  

Tags
 
Add a new tag
Caveats
  • Supply blocks, unpowered buildings, or Contaminate may cause inaccurate times.
  • Supply counts are checked every 10 seconds.